 Dungeon Crawl Stone Soup version 0.20.1-1-g8b1a95d (webtiles) character file.

111 Nattfarinn the Vexing (level 4, -2/29 HPs)
             Began as an Octopode Enchanter on Aug 2, 2017.
             Succumbed to eowindel's ghost's poison
             ... on level 3 of the Dungeon.
             The game lasted 00:06:48 (3233 turns).

Nattfarinn the Vexing (Octopode Enchanter)          Turns: 3233, Time: 00:06:49

Health: -2/29      AC:  1    Str:  7    XL:     4   Next: 92%
Magic:  4/16       EV: 13    Int: 18    God:
Gold:   93         SH:  0    Dex: 12    Spells: 1/7 levels left

rFire    . . .     SeeInvis .   k - +3 dagger (holy)
rCold    . . .     Gourm    .   (no shield)
rNeg     . . .     Faith    .   (helmet restricted)
rPois    .         Spirit   .   (no amulet)
rElec    .         Reflect  .   l - ring of magical power
rCorr    .         Harm     .   (no ring)
MR       .....                  (no ring)
Stlth    +++.......             (no ring)
Regen    0.1/turn               (no ring)
MPRegen  0.2/turn               (no ring)
                                (no ring)
                                (no ring)

@: lethally poisoned (-2 -> -56), very slightly contaminated
A: almost no armour, stealthy swim, amphibious, 8 rings, constrict 8, camouflage
1, gelatinous body 1
a: no special abilities


You were on level 3 of the Dungeon.
You were not hungry.

You visited 1 branch of the dungeon, and saw 3 of its levels.

You collected 93 gold pieces.

Inventory:

Hand Weapons
 a - a +1 dagger
 g - a +0 dagger
 k - a +3 dagger of holy wrath (weapon)
Missiles
 s - 6 needles of sleeping
Armour
 h - quicksilver dragon scales
Jewellery
 l - a ring of magical power (left tentacle)
Scrolls
 d - 6 scrolls of identify {unknown}
 e - 3 scrolls of remove curse {unknown}
 i - a scroll of teleportation {unknown}
 j - a scroll of enchant weapon {unknown}
 q - a scroll of blinking {unknown}
 t - a scroll of recharging {unknown}
Potions
 n - a potion of curing {unknown}
 o - a potion of berserk rage {unknown}
 p - a potion of might {unknown}
 r - a potion of heal wounds
Books
 b - a book of Maledictions

   Spells                             Type                      Level
   a - Corona                         Hexes                        1
   b - Ensorcelled Hibernation        Hexes/Ice                    2
   c - Confuse                        Hexes                        3
   d - Tukima's Dance                 Hexes                        3
   e - Dazzling Spray                 Conjuration/Hexes            3
Comestibles
 c - 3 bread rations
 f - 2 fruits
 m - 3 meat rations


   Skills:
 * Level 1.9 Fighting
 + Level 1.9 Short Blades
 + Level 2.4 Dodging
 - Level 4.0 Stealth
 + Level 2.1 Spellcasting
 * Level 4.2 Hexes


You had one spell level left.
You knew the following spells:

 Your Spells              Type           Power        Failure   Level  Hunger
a - Corona                Hex            ###....      3%          1    #......
b - Ensorcelled Hibernat  Hex/Ice        #.....       11%         2    ###....
c - Dazzling Spray        Conj/Hex       #.....       22%         3    ###....


Dungeon Overview and Level Annotations

Branches:
Dungeon (3/15)

Altars:
Makhleb

Annotations:
D:3 eowindel's ghost, amateur SpAs


Innate Abilities, Weirdness & Mutations

You cannot wear most types of armour.
You are very stealthy in the water. (Stealth+)
You are amphibious.
You can wear up to eight rings at the same time.
You can use your tentacles to constrict eight enemies at once.
Your skin changes colour to match your surroundings (Stealth+).
Your rubbery body absorbs attacks. (AC +1, EV +1)


Message History

Aim: eowindel's ghost, wielding a weapon of venom (moderately damaged)
The spray of energy hits eowindel's ghost.
Eowindel's ghost is severely damaged.
You feel sick. Eowindel's ghost hits you.
* * * LOW HITPOINT WARNING * * *
You are more poisoned.
Casting: Dazzling Spray
Confirm with . or Enter, or press ? or * to list all spells.
Aiming: Dazzling Spray
Press: ? - help, Shift-Dir - straight line, f/p - eowindel's ghost
Aim: eowindel's ghost, wielding a weapon of venom (severely damaged)
You miscast Dazzling Spray.
The light around you dims momentarily.
* * * LOW HITPOINT WARNING * * *
You feel very sick. Eowindel's ghost hits you.
* * * LOW HITPOINT WARNING * * *
You are more poisoned.
You closely miss eowindel's ghost.
Eowindel's ghost is severely damaged.
You die...

.....#### ### .###....#
... ..#####.####.#
.........#...# ####
.....##....#####....
.W##.#####....#..#
................##
##...##....##....###
.##......#.....W@..#
..>.....#########.......
###.....### ####... .
#.....<.# #
...............#
###.....#..#.#..
##.##.##.# .. #. #.. .#
. #. ### ..


You could see eowindel's ghost.

Vanquished Creatures
  4 adders
  3 oozes
  2 worms (D:2)
  2 leopard geckos (D:1)
  2 giant cockroaches
  10 goblins
  6 hobgoblins
  7 jackals
  5 kobolds
  A ball python (D:2)
  3 bats
  A frilled lizard (D:2)
  7 rats
53 creatures vanquished.

Vanquished Creatures (others)
  3 plants (D:1)
3 creatures vanquished.

Grand Total: 56 creatures vanquished

Notes
Turn   | Place    | Note
-------+----------+-------------------------------------------
     0 | D:1      | Nattfarinn the Octopode Enchanter began the quest for the Orb.
     0 | D:1      | Reached XP level 1. HP: 11/11 MP: 3/3
   212 | D:1      | Reached XP level 2. HP: 14/18 MP: 5/5
   747 | D:1      | Reached skill level 1 in Fighting
   747 | D:1      | Reached XP level 3. HP: 23/23 MP: 6/6
   751 | D:1      | Learned a level 2 spell: Ensorcelled Hibernation
   755 | D:1      | Learned a level 3 spell: Dazzling Spray
  2000 | D:2      | Reached XP level 4. HP: 28/28 MP: 7/7
  2812 | D:2      | Found a burning altar of Makhleb.
  3196 | D:3      | Noticed eowindel's ghost (amateur SpAs)
  3233 | D:3      | Succumbed to eowindel's ghost's poison

Skill      XL: |  1  2  3 |
---------------+----------+-----
Fighting       | 1 |  1.9
Hexes          | 4 |  4.2
Short Blades   | |  1.9
Dodging        | |  2.4
Stealth        | |  4.0
Spellcasting   | |  2.1

Action                   |  1- 3 |  4- 6 || total
-------------------------+-------+-------++-------
Melee: Dagger            |   133 |    56 ||   189
       Constrict         |    17 |    12 ||    29
       Tentacles         |    25 |     3 ||    28
 Cast: Dazzling Spray    |       |     4 ||     4
  Use: Potion            |       |     1 ||     1
 Stab: Sleeping          |     9 |     3 ||    12
       Invisible         |       |     1 ||     1
  Eat: Meat ration       |     1 |       ||     1
       Chunk             |       |     3 ||     3
Armor: Skin              |       |     4 ||     4
Dodge: Dodged            |    47 |    36 ||    83
